[ PARTIDA AOE2 · #463846713 ]
UnrankedVikingos vs Byzantines
[ ANÁLISIS DE REPETICIÓN · EXTRAÍDO DE LA PARTIDA GRABADA ]
Feudal
11:21
Castillos
15:18
Imperial
—
| APM promedio | 37.8 |
| APM pico | 88 |
| eAPM promedio | 23.3 |
| Aldeanos / militares | 113 / 6 |
Foco
⚔️ 21.0% · 🌾 79.0%
Spearman ×5 · Mangonel ×1
Feudal
8:33
Castillos
22:02
Imperial
—
| APM promedio | 36.1 |
| APM pico | 63 |
| eAPM promedio | 21.9 |
| Aldeanos / militares | 106 / 3 |
Foco
⚔️ 35.1% · 🌾 64.9%
Spearman ×2 · Militia ×1
Feudal
10:27
Castillos
13:49
Imperial
27:32
| APM promedio | 47.1 |
| APM pico | 117 |
| eAPM promedio | 29.8 |
| Aldeanos / militares | 169 / 37 |
Foco
⚔️ 18.7% · 🌾 81.3%
Knight ×34 · Bombard Cannon ×2 · Monk ×1
Feudal
15:17
Castillos
19:22
Imperial
—
| APM promedio | 21.8 |
| APM pico | 50 |
| eAPM promedio | 14.5 |
| Aldeanos / militares | 151 / 0 |
Foco
⚔️ 5.4% · 🌾 94.6%
Feudal
11:32
Castillos
15:05
Imperial
29:34
| APM promedio | 36.2 |
| APM pico | 91 |
| eAPM promedio | 22.1 |
| Aldeanos / militares | 62 / 37 |
Foco
⚔️ 26.1% · 🌾 73.9%
Longbowman ×35 · Trebuchet (Packed) ×2
Feudal
11:21
Castillos
14:52
Imperial
28:23
| APM promedio | 48.6 |
| APM pico | 91 |
| eAPM promedio | 32.5 |
| Aldeanos / militares | 133 / 32 |
Foco
⚔️ 30.5% · 🌾 69.5%
Rattan Archer ×20 · Trebuchet (Packed) ×8 · Petard ×2 · Mangonel ×2
Feudal
11:30
Castillos
15:07
Imperial
—
| APM promedio | 31.2 |
| APM pico | 73 |
| eAPM promedio | 19.0 |
| Aldeanos / militares | 144 / 20 |
Foco
⚔️ 15.9% · 🌾 84.1%
Armored Elephant ×15 · Camel Scout ×5
Feudal
11:03
Castillos
15:09
Imperial
29:44
| APM promedio | 66.4 |
| APM pico | 90 |
| eAPM promedio | 36.3 |
| Aldeanos / militares | 139 / 47 |
Foco
⚔️ 35.3% · 🌾 64.7%
Knight ×17 · Magyar Huszar ×13 · Spearman ×6 · Scout Cavalry ×6 · Monk ×5
Mapa de la partida
Recursos iniciales + cada clic de construcción. Líneas = muros · curvas = relieve. ◆ oro · ⬟ piedra · ● bayas · ✦ reliquia · ◌ hueco del cierre
Tu base· ✓ Cerrada en 15:18 · 36t muro · 2 puerta(s)
Base de Mr Diniz· ✓ Cerrada en 22:02 · 9t muro · 2 puerta(s)
Base de RoR | Yokohama· ✓ Cerrada en 13:49 · 0t muro · 2 puerta(s)
Base de tokmakbaba· ✓ Cerrada en 19:22 · 0t muro · 2 puerta(s)
Base de lkg· ✓ Cerrada en 15:05 · 0t muro · 3 puerta(s)
Base de 悠律· ✓ Cerrada en 14:52 · 12t muro · 2 puerta(s)
Base de xGusZx24· ✓ Cerrada en 15:07 · 0t muro · 2 puerta(s)
Base de cafeduetoile· ✓ Cerrada en 15:09 · 16t muro · 2 puerta(s)
Terreno inicial suavizado · ◌ = hueco del cierre detectado · pasá el cursor para detalles
Inputs por minuto
— 抖音帝国时代天骄Ique颜 - - Mr Diniz
Build order — 抖音帝国时代天骄Ique颜
Primeras 150 de 234 acciones detectadas
| 0:00 | Crear | Villager (Male) |
| 0:01 | Crear | Villager (Male) |
| 0:01 | Crear | Villager (Male) |
| 0:03 | Construir | House |
| 0:04 | Construir | House |
| 0:16 | Crear | Villager (Male) |
| 1:31 | Crear | Villager (Male) |
| 1:32 | Crear | Villager (Male) |
| 1:44 | Construir | Lumber Camp |
| 1:54 | Crear | Villager (Male) |
| 1:54 | Crear | Villager (Male) |
| 2:24 | Crear | Villager (Male) |
| 2:24 | Crear | Villager (Male) |
| 2:52 | Crear | Villager (Male) |
| 2:53 | Crear | Villager (Male) |
| 3:02 | Crear | Villager (Male) |
| 3:03 | Crear | Villager (Male) |
| 3:26 | Construir | Mill |
| 3:33 | Crear | Villager (Male) |
| 3:33 | Crear | Villager (Male) |
| 3:58 | Construir | House |
| 4:06 | Crear | Villager (Male) |
| 4:07 | Crear | Villager (Male) |
| 4:09 | Crear | Villager (Male) |
| 4:09 | Crear | Villager (Male) |
| 4:41 | Crear | Villager (Male) |
| 4:41 | Crear | Villager (Male) |
| 5:04 | Crear | Villager (Male) |
| 5:04 | Crear | Villager (Male) |
| 5:12 | Crear | Villager (Male) |
| 5:13 | Crear | Villager (Male) |
| 5:20 | Crear | Villager (Male) |
| 5:20 | Crear | Villager (Male) |
| 5:49 | Crear | Villager (Male) |
| 5:49 | Crear | Villager (Male) |
| 5:54 | Construir | House |
| 6:21 | Construir | Mill |
| 6:24 | Crear | Villager (Male) |
| 6:24 | Crear | Villager (Male) |
| 6:24 | Crear | Villager (Male) |
| 6:58 | Crear | Villager (Male) |
| 7:10 | Construir | House |
| 7:26 | Crear | Villager (Male) |
| 8:43 | Investigar | Loom |
| 8:43 | Crear | Villager (Male) |
| 8:50 | Construir | Mining Camp |
| 8:54 | Investigar | Feudal Age |
| 8:55 | Investigar | Feudal Age |
| 8:59 | Construir | Palisade Wall |
| 9:01 | Construir | Palisade Wall |
| 9:13 | Construir | Palisade Wall |
| 11:07 | Construir | Palisade Wall |
| 11:08 | Construir | Palisade Wall |
| 11:21 | Edad | Edad Feudal |
| 11:23 | Crear | Villager (Male) |
| 11:23 | Crear | Villager (Male) |
| 11:26 | Construir | Market |
| 11:31 | Construir | Blacksmith |
| 11:41 | Construir | Palisade Wall |
| 11:45 | Construir | Palisade Wall |
| 11:52 | Construir | House |
| 12:04 | Crear | Villager (Male) |
| 12:27 | Construir | Palisade Wall |
| 12:38 | Investigar | Castle Age |
| 12:38 | Investigar | Castle Age |
| 12:50 | Construir | House |
| 12:53 | Construir | Palisade Wall |
| 12:54 | Construir | Palisade Wall |
| 13:01 | Construir | Farm |
| 13:02 | Construir | Farm |
| 13:04 | Construir | Farm |
| 13:17 | Construir | Barracks |
| 13:25 | Construir | Palisade Wall |
| 13:27 | Construir | Palisade Wall |
| 13:50 | Crear | Villager (Male) |
| 14:01 | Construir | Watch Tower |
| 14:17 | Crear | Villager (Male) |
| 14:39 | Construir | Lumber Camp |
| 15:13 | Construir | Palisade Wall |
| 15:18 | Edad | Edad de los Castillos |
| 15:26 | Crear | Villager (Male) |
| 15:29 | Construir | Siege Workshop |
| 15:48 | Construir | Palisade Wall |
| 15:50 | Construir | Palisade Wall |
| 15:57 | Crear | Villager (Male) |
| 16:22 | Crear | Mangonel |
| 16:24 | Crear | Villager (Male) |
| 16:27 | Construir | Farm |
| 16:28 | Construir | Farm |
| 16:30 | Crear | Villager (Male) |
| 16:51 | Crear | Villager (Male) |
| 16:58 | Construir | Farm |
| 16:59 | Construir | Farm |
| 17:03 | Construir | Farm |
| 17:38 | Crear | Villager (Male) |
| 17:44 | Crear | Villager (Male) |
| 18:25 | Investigar | Town Watch |
| 18:37 | Construir | House |
| 18:47 | Crear | Villager (Male) |
| 18:55 | Crear | Villager (Male) |
| 19:16 | Crear | Villager (Male) |
| 19:26 | Construir | Town Center |
| 19:38 | Construir | Stone Wall |
| 19:48 | Crear | Villager (Male) |
| 20:26 | Crear | Villager (Male) |
| 20:31 | Construir | Farm |
| 20:40 | Crear | Villager (Male) |
| 20:43 | Crear | Villager (Male) |
| 20:47 | Construir | Farm |
| 20:47 | Construir | Farm |
| 20:47 | Construir | Farm |
| 20:47 | Construir | Farm |
| 20:48 | Construir | Farm |
| 21:00 | Construir | House |
| 21:04 | Construir | House |
| 21:15 | Crear | Villager (Male) |
| 21:36 | Crear | Villager (Male) |
| 21:36 | Crear | Villager (Male) |
| 21:42 | Construir | Farm |
| 21:43 | Construir | Farm |
| 21:44 | Crear | Villager (Male) |
| 21:48 | Construir | Mining Camp |
| 21:54 | Construir | Farm |
| 21:54 | Crear | Villager (Male) |
| 21:54 | Crear | Villager (Male) |
| 22:04 | Construir | Farm |
| 22:07 | Crear | Spearman |
| 22:15 | Construir | Farm |
| 22:26 | Crear | Villager (Male) |
| 22:27 | Crear | Villager (Male) |
| 22:37 | Crear | Villager (Male) |
| 22:39 | Construir | Farm |
| 22:53 | Crear | Villager (Male) |
| 23:02 | Crear | Villager (Male) |
| 23:11 | Crear | Villager (Male) |
| 23:11 | Crear | Villager (Male) |
| 23:19 | Construir | Town Center |
| 23:26 | Crear | Villager (Male) |
| 23:33 | Construir | Town Center |
| 23:39 | Crear | Villager (Male) |
| 23:39 | Crear | Villager (Male) |
| 23:43 | Construir | Farm |
| 23:44 | Construir | Farm |
| 23:59 | Crear | Villager (Male) |
| 23:59 | Crear | Villager (Male) |
| 24:02 | Construir | House |
| 24:02 | Construir | House |
| 24:03 | Construir | House |
| 24:05 | Crear | Villager (Male) |
| 24:05 | Crear | Villager (Male) |
Build order — Mr Diniz
Primeras 150 de 195 acciones detectadas
| 0:00 | Crear | Villager (Male) |
| 0:01 | Crear | Villager (Male) |
| 0:01 | Crear | Villager (Male) |
| 0:04 | Construir | House |
| 0:05 | Construir | House |
| 0:10 | Crear | Villager (Male) |
| 0:11 | Crear | Villager (Male) |
| 1:24 | Crear | Villager (Male) |
| 1:43 | Construir | Lumber Camp |
| 2:02 | Crear | Villager (Male) |
| 2:02 | Crear | Villager (Male) |
| 2:29 | Crear | Villager (Male) |
| 2:29 | Crear | Villager (Male) |
| 2:41 | Crear | Villager (Male) |
| 2:41 | Crear | Villager (Male) |
| 3:13 | Crear | Villager (Male) |
| 3:13 | Crear | Villager (Male) |
| 3:14 | Crear | Villager (Male) |
| 3:58 | Crear | Villager (Male) |
| 3:58 | Crear | Villager (Male) |
| 4:20 | Construir | House |
| 4:23 | Investigar | Loom |
| 4:45 | Construir | Mining Camp |
| 4:50 | Crear | Villager (Male) |
| 5:28 | Crear | Villager (Male) |
| 5:51 | Crear | Villager (Male) |
| 6:23 | Investigar | Feudal Age |
| 7:31 | Construir | House |
| 8:33 | Edad | Edad Feudal |
| 8:35 | Construir | House |
| 8:39 | Construir | Watch Tower |
| 8:44 | Crear | Villager (Male) |
| 8:45 | Investigar | Double-Bit Axe |
| 9:07 | Crear | Villager (Male) |
| 9:15 | Construir | Mill |
| 9:34 | Crear | Villager (Male) |
| 9:56 | Crear | Villager (Male) |
| 10:07 | Construir | Mill |
| 10:15 | Crear | Villager (Male) |
| 10:29 | Crear | Villager (Male) |
| 10:43 | Construir | Watch Tower |
| 10:58 | Crear | Villager (Male) |
| 11:16 | Crear | Villager (Male) |
| 11:39 | Crear | Villager (Male) |
| 11:55 | Crear | Villager (Male) |
| 12:08 | Construir | Watch Tower |
| 12:15 | Construir | House |
| 12:17 | Construir | Blacksmith |
| 12:19 | Crear | Villager (Male) |
| 12:49 | Construir | House |
| 12:58 | Crear | Villager (Male) |
| 13:03 | Investigar | Fletching |
| 13:03 | Investigar | Fletching |
| 13:29 | Crear | Villager (Male) |
| 13:32 | Construir | Farm |
| 13:50 | Crear | Villager (Male) |
| 13:55 | Construir | Watch Tower |
| 14:12 | Crear | Villager (Male) |
| 14:14 | Construir | Farm |
| 14:16 | Construir | Farm |
| 14:37 | Crear | Villager (Male) |
| 14:46 | Crear | Villager (Male) |
| 14:54 | Construir | Mining Camp |
| 15:16 | Construir | Palisade Wall |
| 15:54 | Construir | Palisade Wall |
| 15:56 | Construir | Palisade Wall |
| 16:02 | Crear | Villager (Male) |
| 16:16 | Crear | Villager (Male) |
| 16:38 | Crear | Villager (Male) |
| 16:42 | Construir | Market |
| 16:45 | Construir | Farm |
| 16:45 | Construir | Farm |
| 16:45 | Construir | Farm |
| 16:45 | Construir | Farm |
| 16:49 | Construir | Farm |
| 16:52 | Construir | Farm |
| 17:04 | Construir | Watch Tower |
| 17:08 | Crear | Villager (Male) |
| 17:34 | Crear | Villager (Male) |
| 17:53 | Crear | Villager (Male) |
| 18:24 | Crear | Villager (Male) |
| 18:33 | Crear | Villager (Male) |
| 18:39 | Construir | Farm |
| 19:19 | Investigar | Castle Age |
| 19:19 | Investigar | Castle Age |
| 19:39 | Construir | Barracks |
| 19:55 | Construir | House |
| 20:08 | Construir | Palisade Wall |
| 20:10 | Construir | Palisade Wall |
| 20:12 | Construir | Palisade Wall |
| 20:42 | Construir | Palisade Wall |
| 20:43 | Construir | Palisade Wall |
| 20:47 | Construir | Palisade Wall |
| 20:57 | Construir | House |
| 20:57 | Construir | House |
| 21:41 | Crear | Villager (Male) |
| 22:02 | Edad | Edad de los Castillos |
| 22:04 | Crear | Villager (Male) |
| 22:09 | Construir | Town Center |
| 22:12 | Construir | Town Center |
| 22:24 | Crear | Villager (Male) |
| 22:26 | Investigar | Bow Saw |
| 22:26 | Investigar | Bow Saw |
| 22:29 | Construir | Town Center |
| 22:39 | Crear | Villager (Male) |
| 22:43 | Investigar | Horse Collar |
| 22:44 | Investigar | Horse Collar |
| 22:48 | Crear | Villager (Male) |
| 22:59 | Construir | Farm |
| 23:07 | Crear | Villager (Male) |
| 23:16 | Crear | Villager (Male) |
| 23:17 | Crear | Villager (Male) |
| 23:24 | Construir | Farm |
| 23:29 | Construir | Farm |
| 23:43 | Crear | Villager (Male) |
| 23:43 | Crear | Villager (Male) |
| 24:01 | Construir | Farm |
| 24:03 | Construir | Farm |
| 24:07 | Crear | Villager (Male) |
| 24:12 | Construir | Farm |
| 24:21 | Crear | Villager (Male) |
| 24:33 | Construir | Farm |
| 24:33 | Crear | Spearman |
| 24:37 | Crear | Villager (Male) |
| 24:38 | Crear | Villager (Male) |
| 24:40 | Crear | Villager (Male) |
| 24:41 | Crear | Villager (Male) |
| 24:48 | Crear | Villager (Male) |
| 24:56 | Construir | Farm |
| 24:57 | Construir | Farm |
| 24:58 | Construir | Farm |
| 25:00 | Crear | Villager (Male) |
| 25:01 | Crear | Villager (Male) |
| 25:07 | Crear | Villager (Male) |
| 25:18 | Construir | Farm |
| 25:18 | Construir | Farm |
| 25:20 | Construir | Farm |
| 25:21 | Crear | Villager (Male) |
| 25:21 | Crear | Villager (Male) |
| 25:23 | Crear | Villager (Male) |
| 25:24 | Crear | Villager (Male) |
| 25:31 | Construir | Farm |
| 25:41 | Crear | Villager (Male) |
| 25:41 | Crear | Villager (Male) |
| 25:43 | Construir | Farm |
| 25:47 | Construir | House |
| 25:48 | Construir | House |
| 25:51 | Construir | House |
| 25:51 | Construir | House |
| 25:53 | Crear | Villager (Male) |
Build order — RoR | Yokohama
Primeras 150 de 364 acciones detectadas
| 0:03 | Crear | Villager (Male) |
| 0:03 | Crear | Villager (Male) |
| 0:03 | Crear | Villager (Male) |
| 0:05 | Construir | House |
| 0:07 | Construir | House |
| 0:11 | Crear | Villager (Male) |
| 0:18 | Crear | Villager (Male) |
| 0:19 | Crear | Villager (Male) |
| 0:57 | Investigar | Loom |
| 1:17 | Crear | Villager (Male) |
| 1:41 | Crear | Villager (Male) |
| 1:42 | Crear | Villager (Male) |
| 2:04 | Crear | Villager (Male) |
| 2:06 | Construir | Lumber Camp |
| 2:31 | Crear | Villager (Male) |
| 2:54 | Crear | Villager (Male) |
| 2:54 | Crear | Villager (Male) |
| 3:12 | Crear | Villager (Male) |
| 3:47 | Construir | House |
| 3:54 | Crear | Villager (Male) |
| 4:02 | Crear | Villager (Male) |
| 4:02 | Crear | Villager (Male) |
| 4:45 | Crear | Villager (Male) |
| 4:50 | Crear | Villager (Male) |
| 4:58 | Crear | Villager (Male) |
| 5:16 | Crear | Villager (Male) |
| 5:25 | Construir | House |
| 5:34 | Crear | Villager (Male) |
| 6:01 | Construir | House |
| 6:13 | Construir | House |
| 6:21 | Construir | House |
| 6:32 | Construir | Mill |
| 6:54 | Crear | Villager (Male) |
| 7:01 | Crear | Villager (Male) |
| 7:16 | Construir | Mill |
| 7:27 | Crear | Villager (Male) |
| 8:05 | Construir | Farm |
| 8:23 | Investigar | Feudal Age |
| 9:13 | Construir | Farm |
| 9:17 | Crear | Villager (Male) |
| 9:17 | Crear | Villager (Male) |
| 10:05 | Construir | Farm |
| 10:27 | Edad | Edad Feudal |
| 10:32 | Construir | Blacksmith |
| 10:36 | Construir | Market |
| 11:23 | Investigar | Castle Age |
| 11:24 | Investigar | Castle Age |
| 11:25 | Investigar | Double-Bit Axe |
| 11:26 | Investigar | Double-Bit Axe |
| 12:01 | Investigar | Horse Collar |
| 12:26 | Construir | House |
| 12:27 | Construir | House |
| 12:29 | Construir | House |
| 13:27 | Crear | Villager (Male) |
| 13:49 | Edad | Edad de los Castillos |
| 13:53 | Construir | Town Center |
| 13:56 | Investigar | Bow Saw |
| 14:05 | Crear | Villager (Male) |
| 14:16 | Construir | Town Center |
| 14:20 | Crear | Villager (Male) |
| 14:35 | Crear | Villager (Male) |
| 14:36 | Investigar | Heavy Plow |
| 14:43 | Crear | Villager (Male) |
| 14:48 | Construir | Farm |
| 15:02 | Construir | Farm |
| 15:07 | Crear | Villager (Male) |
| 15:13 | Crear | Villager (Male) |
| 15:15 | Construir | Farm |
| 15:18 | Crear | Villager (Male) |
| 15:21 | Construir | Farm |
| 15:33 | Construir | Farm |
| 15:36 | Crear | Villager (Male) |
| 15:45 | Construir | Farm |
| 15:48 | Crear | Villager (Male) |
| 15:48 | Crear | Villager (Male) |
| 15:55 | Construir | Farm |
| 15:59 | Crear | Villager (Male) |
| 15:59 | Crear | Villager (Male) |
| 16:01 | Construir | Farm |
| 16:09 | Construir | Farm |
| 16:21 | Crear | Villager (Male) |
| 16:21 | Crear | Villager (Male) |
| 16:24 | Construir | Farm |
| 16:27 | Construir | Farm |
| 16:30 | Construir | Farm |
| 16:35 | Crear | Villager (Male) |
| 16:35 | Crear | Villager (Male) |
| 16:42 | Construir | Farm |
| 16:44 | Crear | Villager (Male) |
| 16:45 | Crear | Villager (Male) |
| 16:48 | Construir | Farm |
| 16:59 | Crear | Villager (Male) |
| 17:00 | Crear | Villager (Male) |
| 17:00 | Crear | Villager (Male) |
| 17:03 | Construir | Farm |
| 17:08 | Crear | Villager (Male) |
| 17:16 | Construir | Farm |
| 17:17 | Crear | Villager (Male) |
| 17:17 | Crear | Villager (Male) |
| 17:20 | Construir | Farm |
| 17:23 | Construir | Farm |
| 17:24 | Crear | Villager (Male) |
| 17:38 | Construir | Farm |
| 17:39 | Crear | Villager (Male) |
| 17:39 | Crear | Villager (Male) |
| 17:44 | Crear | Villager (Male) |
| 17:44 | Crear | Villager (Male) |
| 17:46 | Construir | Farm |
| 17:48 | Construir | Farm |
| 17:49 | Crear | Villager (Male) |
| 17:49 | Crear | Villager (Male) |
| 18:04 | Construir | House |
| 18:05 | Construir | House |
| 18:05 | Crear | Villager (Male) |
| 18:05 | Crear | Villager (Male) |
| 18:08 | Construir | Farm |
| 18:17 | Crear | Villager (Male) |
| 18:18 | Crear | Villager (Male) |
| 18:18 | Crear | Villager (Male) |
| 18:29 | Crear | Villager (Male) |
| 18:29 | Crear | Villager (Male) |
| 18:32 | Crear | Villager (Male) |
| 18:32 | Crear | Villager (Male) |
| 18:36 | Construir | Farm |
| 18:38 | Crear | Villager (Male) |
| 18:49 | Crear | Villager (Male) |
| 18:50 | Crear | Villager (Male) |
| 18:55 | Crear | Villager (Male) |
| 18:55 | Crear | Villager (Male) |
| 18:55 | Crear | Villager (Male) |
| 19:00 | Construir | Town Center |
| 19:04 | Crear | Villager (Male) |
| 19:07 | Construir | House |
| 19:09 | Crear | Villager (Male) |
| 19:09 | Crear | Villager (Male) |
| 19:16 | Crear | Villager (Male) |
| 19:16 | Crear | Villager (Male) |
| 19:31 | Construir | Monastery |
| 19:33 | Crear | Villager (Male) |
| 19:37 | Construir | Farm |
| 19:37 | Crear | Villager (Male) |
| 19:44 | Crear | Villager (Male) |
| 19:44 | Crear | Villager (Male) |
| 19:45 | Crear | Villager (Male) |
| 19:46 | Construir | Farm |
| 19:49 | Construir | Farm |
| 19:52 | Construir | House |
| 19:52 | Crear | Villager (Male) |
| 19:57 | Construir | Farm |
| 19:58 | Construir | Farm |
Build order — tokmakbaba
Primeras 150 de 254 acciones detectadas
| 3:37 | Construir | House |
| 3:38 | Construir | House |
| 4:15 | Crear | Villager (Male) |
| 4:15 | Crear | Villager (Male) |
| 4:16 | Crear | Villager (Male) |
| 4:16 | Crear | Villager (Male) |
| 4:16 | Crear | Villager (Male) |
| 5:21 | Crear | Villager (Male) |
| 5:21 | Crear | Villager (Male) |
| 5:51 | Crear | Villager (Male) |
| 5:57 | Construir | Lumber Camp |
| 6:18 | Crear | Villager (Male) |
| 6:18 | Crear | Villager (Male) |
| 6:51 | Crear | Villager (Male) |
| 7:21 | Crear | Villager (Male) |
| 7:22 | Crear | Villager (Male) |
| 7:22 | Crear | Villager (Male) |
| 7:22 | Crear | Villager (Male) |
| 7:57 | Crear | Villager (Male) |
| 7:57 | Crear | Villager (Male) |
| 8:22 | Crear | Villager (Male) |
| 8:22 | Crear | Villager (Male) |
| 8:22 | Crear | Villager (Male) |
| 8:52 | Construir | House |
| 8:56 | Investigar | Loom |
| 9:22 | Crear | Villager (Male) |
| 9:28 | Crear | Villager (Male) |
| 9:48 | Construir | Mill |
| 9:54 | Crear | Villager (Male) |
| 9:55 | Crear | Villager (Male) |
| 9:58 | Construir | House |
| 10:25 | Crear | Villager (Male) |
| 10:58 | Crear | Villager (Male) |
| 11:31 | Crear | Villager (Male) |
| 11:58 | Crear | Villager (Male) |
| 12:21 | Construir | Mining Camp |
| 12:25 | Crear | Villager (Male) |
| 12:59 | Investigar | Feudal Age |
| 14:21 | Construir | House |
| 15:01 | Construir | House |
| 15:17 | Edad | Edad Feudal |
| 15:20 | Crear | Villager (Male) |
| 15:35 | Construir | Blacksmith |
| 15:37 | Construir | Market |
| 15:38 | Crear | Villager (Male) |
| 16:01 | Crear | Villager (Male) |
| 16:42 | Investigar | Castle Age |
| 16:43 | Investigar | Castle Age |
| 16:57 | Construir | Farm |
| 16:57 | Construir | Farm |
| 16:57 | Construir | Farm |
| 16:58 | Construir | Farm |
| 16:58 | Construir | Farm |
| 17:03 | Construir | Farm |
| 17:38 | Investigar | Double-Bit Axe |
| 17:38 | Investigar | Double-Bit Axe |
| 17:38 | Investigar | Double-Bit Axe |
| 18:12 | Investigar | Horse Collar |
| 19:22 | Crear | Villager (Male) |
| 19:22 | Edad | Edad de los Castillos |
| 19:25 | Construir | Town Center |
| 19:35 | Construir | Town Center |
| 19:37 | Crear | Villager (Male) |
| 19:39 | Investigar | Bow Saw |
| 20:02 | Construir | Farm |
| 20:03 | Crear | Villager (Male) |
| 20:18 | Crear | Villager (Male) |
| 20:24 | Construir | Farm |
| 20:25 | Construir | Farm |
| 20:34 | Crear | Villager (Male) |
| 20:44 | Crear | Villager (Male) |
| 20:44 | Crear | Villager (Male) |
| 20:47 | Construir | Farm |
| 20:50 | Construir | Farm |
| 21:05 | Crear | Villager (Male) |
| 21:08 | Crear | Villager (Male) |
| 21:12 | Construir | Farm |
| 21:23 | Crear | Villager (Male) |
| 21:23 | Crear | Villager (Male) |
| 21:25 | Construir | Farm |
| 21:27 | Construir | Farm |
| 21:35 | Crear | Villager (Male) |
| 21:35 | Crear | Villager (Male) |
| 21:35 | Crear | Villager (Male) |
| 21:35 | Crear | Villager (Male) |
| 21:35 | Crear | Villager (Male) |
| 21:39 | Construir | Farm |
| 21:41 | Construir | Farm |
| 21:56 | Construir | House |
| 21:58 | Construir | Farm |
| 21:59 | Crear | Villager (Male) |
| 21:59 | Crear | Villager (Male) |
| 21:59 | Crear | Villager (Male) |
| 22:08 | Construir | Farm |
| 22:17 | Crear | Villager (Male) |
| 22:17 | Crear | Villager (Male) |
| 22:18 | Crear | Villager (Male) |
| 22:18 | Crear | Villager (Male) |
| 22:24 | Construir | Farm |
| 22:25 | Construir | Farm |
| 22:28 | Crear | Villager (Male) |
| 22:28 | Crear | Villager (Male) |
| 22:28 | Crear | Villager (Male) |
| 22:28 | Crear | Villager (Male) |
| 22:28 | Crear | Villager (Male) |
| 22:39 | Construir | Farm |
| 22:40 | Crear | Villager (Male) |
| 22:40 | Crear | Villager (Male) |
| 22:46 | Crear | Villager (Male) |
| 22:48 | Construir | Farm |
| 22:50 | Construir | Farm |
| 22:53 | Crear | Villager (Male) |
| 22:53 | Crear | Villager (Male) |
| 22:53 | Crear | Villager (Male) |
| 22:53 | Crear | Villager (Male) |
| 22:53 | Crear | Villager (Male) |
| 22:57 | Construir | House |
| 22:59 | Crear | Villager (Male) |
| 22:59 | Crear | Villager (Male) |
| 23:00 | Crear | Villager (Male) |
| 23:00 | Crear | Villager (Male) |
| 23:00 | Crear | Villager (Male) |
| 23:10 | Construir | Farm |
| 23:12 | Crear | Villager (Male) |
| 23:12 | Crear | Villager (Male) |
| 23:20 | Construir | Farm |
| 23:22 | Crear | Villager (Male) |
| 23:22 | Crear | Villager (Male) |
| 23:25 | Construir | Farm |
| 23:26 | Crear | Villager (Male) |
| 23:26 | Crear | Villager (Male) |
| 23:31 | Construir | House |
| 23:36 | Crear | Villager (Male) |
| 23:37 | Crear | Villager (Male) |
| 23:44 | Construir | Farm |
| 23:48 | Crear | Villager (Male) |
| 23:48 | Crear | Villager (Male) |
| 23:52 | Crear | Villager (Male) |
| 23:52 | Crear | Villager (Male) |
| 23:56 | Construir | Farm |
| 23:58 | Crear | Villager (Male) |
| 23:58 | Crear | Villager (Male) |
| 24:03 | Construir | Lumber Camp |
| 24:08 | Construir | House |
| 24:09 | Crear | Villager (Male) |
| 24:09 | Crear | Villager (Male) |
| 24:10 | Crear | Villager (Male) |
| 24:17 | Construir | Farm |
| 24:21 | Crear | Villager (Male) |
| 24:21 | Crear | Villager (Male) |
Build order — lkg
Primeras 150 de 201 acciones detectadas
| 0:00 | Crear | Villager (Male) |
| 0:01 | Crear | Villager (Male) |
| 0:01 | Crear | Villager (Male) |
| 0:04 | Construir | House |
| 0:05 | Construir | House |
| 0:09 | Crear | Villager (Male) |
| 0:09 | Crear | Villager (Male) |
| 1:18 | Crear | Villager (Male) |
| 1:19 | Crear | Villager (Male) |
| 1:38 | Crear | Villager (Male) |
| 1:38 | Crear | Villager (Male) |
| 1:44 | Construir | Lumber Camp |
| 2:09 | Crear | Villager (Male) |
| 2:09 | Crear | Villager (Male) |
| 2:09 | Crear | Villager (Male) |
| 2:27 | Crear | Villager (Male) |
| 2:27 | Crear | Villager (Male) |
| 2:30 | Crear | Villager (Male) |
| 2:30 | Crear | Villager (Male) |
| 3:08 | Crear | Villager (Male) |
| 3:08 | Crear | Villager (Male) |
| 3:45 | Crear | Villager (Male) |
| 4:03 | Construir | House |
| 4:24 | Construir | Mill |
| 4:35 | Crear | Villager (Male) |
| 4:35 | Crear | Villager (Male) |
| 5:26 | Crear | Villager (Male) |
| 5:55 | Construir | House |
| 6:00 | Crear | Villager (Male) |
| 6:00 | Crear | Villager (Male) |
| 6:22 | Construir | House |
| 6:44 | Crear | Villager (Male) |
| 7:17 | Crear | Villager (Male) |
| 7:19 | Construir | Mill |
| 7:36 | Crear | Villager (Male) |
| 8:01 | Crear | Villager (Male) |
| 8:19 | Construir | Mining Camp |
| 8:23 | Crear | Villager (Male) |
| 8:24 | Crear | Villager (Male) |
| 9:13 | Investigar | Feudal Age |
| 9:23 | Construir | Mining Camp |
| 10:14 | Construir | Farm |
| 10:21 | Construir | Farm |
| 11:18 | Crear | Villager (Male) |
| 11:18 | Crear | Villager (Male) |
| 11:32 | Edad | Edad Feudal |
| 11:33 | Construir | Market |
| 11:35 | Construir | Blacksmith |
| 12:05 | Investigar | Double-Bit Axe |
| 12:06 | Investigar | Double-Bit Axe |
| 12:25 | Investigar | Castle Age |
| 12:26 | Investigar | Castle Age |
| 12:33 | Construir | Farm |
| 12:34 | Construir | Farm |
| 13:08 | Investigar | Horse Collar |
| 13:08 | Investigar | Horse Collar |
| 13:15 | Investigar | Loom |
| 13:36 | Construir | Farm |
| 13:41 | Construir | Farm |
| 14:24 | Construir | Farm |
| 14:30 | Construir | Farm |
| 14:32 | Crear | Villager (Male) |
| 14:56 | Construir | House |
| 15:05 | Edad | Edad de los Castillos |
| 15:11 | Construir | Castle |
| 15:14 | Investigar | Bow Saw |
| 15:15 | Investigar | Bow Saw |
| 15:16 | Crear | Villager (Male) |
| 15:26 | Construir | Palisade Wall |
| 15:31 | Construir | Palisade Wall |
| 15:42 | Construir | Palisade Wall |
| 15:45 | Construir | Palisade Wall |
| 16:00 | Construir | Palisade Wall |
| 16:01 | Construir | Palisade Wall |
| 16:02 | Construir | Palisade Wall |
| 16:04 | Construir | Palisade Wall |
| 16:06 | Construir | Palisade Wall |
| 16:21 | Crear | Villager (Male) |
| 16:22 | Construir | Farm |
| 16:24 | Construir | Farm |
| 16:46 | Investigar | Fletching |
| 16:47 | Investigar | Fletching |
| 16:48 | Crear | Villager (Male) |
| 16:48 | Crear | Villager (Male) |
| 16:54 | Construir | House |
| 17:40 | Crear | Longbowman |
| 17:41 | Crear | Longbowman |
| 17:48 | Construir | House |
| 17:50 | Crear | Longbowman |
| 17:51 | Crear | Villager (Male) |
| 17:52 | Crear | Villager (Male) |
| 17:52 | Crear | Villager (Male) |
| 17:58 | Investigar | Bodkin Arrow |
| 18:03 | Construir | University |
| 18:19 | Crear | Villager (Male) |
| 18:34 | Crear | Longbowman |
| 18:35 | Crear | Longbowman |
| 18:47 | Crear | Villager (Male) |
| 18:52 | Crear | Longbowman |
| 18:52 | Crear | Longbowman |
| 19:00 | Construir | House |
| 19:01 | Construir | House |
| 19:23 | Crear | Villager (Male) |
| 19:25 | Crear | Longbowman |
| 19:25 | Crear | Longbowman |
| 19:45 | Crear | Longbowman |
| 19:47 | Crear | Villager (Male) |
| 19:55 | Construir | House |
| 20:05 | Investigar | Padded Archer Armor |
| 20:12 | Crear | Villager (Male) |
| 20:15 | Crear | Villager (Male) |
| 20:16 | Crear | Villager (Male) |
| 20:18 | Crear | Longbowman |
| 20:18 | Crear | Longbowman |
| 20:28 | Construir | House |
| 20:42 | Construir | Lumber Camp |
| 20:53 | Crear | Villager (Male) |
| 20:58 | Crear | Longbowman |
| 21:19 | Investigar | Leather Archer Armor |
| 21:19 | Investigar | Leather Archer Armor |
| 21:32 | Construir | House |
| 21:59 | Investigar | Ballistics |
| 21:59 | Investigar | Ballistics |
| 22:05 | Construir | House |
| 22:15 | Crear | Villager (Male) |
| 22:16 | Crear | Villager (Male) |
| 22:18 | Construir | Farm |
| 22:18 | Construir | Farm |
| 22:19 | Construir | Farm |
| 22:19 | Construir | Farm |
| 22:19 | Construir | Farm |
| 22:22 | Construir | Farm |
| 22:24 | Construir | Farm |
| 22:29 | Crear | Longbowman |
| 22:29 | Crear | Longbowman |
| 22:29 | Crear | Longbowman |
| 22:47 | Construir | House |
| 22:48 | Crear | Longbowman |
| 22:48 | Crear | Longbowman |
| 22:55 | Crear | Villager (Male) |
| 22:57 | Construir | Farm |
| 22:57 | Construir | Farm |
| 23:19 | Construir | House |
| 23:54 | Crear | Longbowman |
| 23:54 | Crear | Longbowman |
| 24:15 | Crear | Villager (Male) |
| 24:15 | Crear | Villager (Male) |
| 24:16 | Construir | Farm |
| 24:18 | Construir | Farm |
| 24:20 | Construir | Farm |
Build order — 悠律
Primeras 150 de 282 acciones detectadas
| 0:00 | Crear | Villager (Male) |
| 0:00 | Crear | Villager (Male) |
| 0:01 | Crear | Villager (Male) |
| 0:03 | Construir | House |
| 0:04 | Construir | House |
| 0:12 | Crear | Villager (Male) |
| 0:12 | Crear | Villager (Male) |
| 1:22 | Crear | Villager (Male) |
| 1:43 | Construir | Lumber Camp |
| 1:49 | Crear | Villager (Male) |
| 1:49 | Crear | Villager (Male) |
| 2:21 | Crear | Villager (Male) |
| 2:21 | Crear | Villager (Male) |
| 2:37 | Crear | Villager (Male) |
| 2:37 | Crear | Villager (Male) |
| 3:00 | Crear | Villager (Male) |
| 3:01 | Crear | Villager (Male) |
| 3:28 | Construir | House |
| 3:30 | Construir | House |
| 3:31 | Crear | Villager (Male) |
| 3:32 | Crear | Villager (Male) |
| 4:09 | Crear | Villager (Male) |
| 4:09 | Crear | Villager (Male) |
| 4:30 | Crear | Villager (Male) |
| 4:31 | Crear | Villager (Male) |
| 4:38 | Construir | Palisade Wall |
| 4:42 | Construir | Mill |
| 4:45 | Construir | Palisade Wall |
| 4:48 | Construir | Palisade Wall |
| 4:50 | Construir | Palisade Wall |
| 4:52 | Construir | Palisade Wall |
| 4:56 | Construir | Palisade Wall |
| 4:58 | Crear | Villager (Male) |
| 4:59 | Construir | Palisade Wall |
| 5:00 | Crear | Villager (Male) |
| 5:00 | Crear | Villager (Male) |
| 5:04 | Construir | Palisade Wall |
| 5:06 | Construir | Palisade Wall |
| 5:13 | Construir | Palisade Wall |
| 5:16 | Construir | Palisade Wall |
| 5:19 | Construir | Palisade Wall |
| 5:26 | Crear | Villager (Male) |
| 5:27 | Crear | Villager (Male) |
| 5:27 | Crear | Villager (Male) |
| 5:48 | Crear | Villager (Male) |
| 5:49 | Crear | Villager (Male) |
| 5:53 | Crear | Villager (Male) |
| 5:53 | Crear | Villager (Male) |
| 6:07 | Construir | Farm |
| 6:11 | Construir | Farm |
| 6:27 | Crear | Villager (Male) |
| 7:08 | Crear | Villager (Male) |
| 7:31 | Crear | Villager (Male) |
| 7:33 | Construir | House |
| 7:45 | Crear | Villager (Male) |
| 8:14 | Construir | Mining Camp |
| 8:43 | Construir | Mining Camp |
| 9:01 | Investigar | Feudal Age |
| 9:01 | Investigar | Feudal Age |
| 11:20 | Crear | Villager (Male) |
| 11:20 | Crear | Villager (Male) |
| 11:21 | Edad | Edad Feudal |
| 11:22 | Construir | Market |
| 11:24 | Construir | Blacksmith |
| 11:26 | Investigar | Double-Bit Axe |
| 11:26 | Investigar | Double-Bit Axe |
| 11:32 | Construir | House |
| 12:12 | Investigar | Castle Age |
| 12:12 | Investigar | Castle Age |
| 12:18 | Investigar | Horse Collar |
| 12:19 | Investigar | Horse Collar |
| 12:28 | Construir | Farm |
| 12:29 | Construir | Farm |
| 12:31 | Construir | Farm |
| 12:42 | Construir | Farm |
| 14:28 | Crear | Villager (Male) |
| 14:49 | Crear | Villager (Male) |
| 14:52 | Edad | Edad de los Castillos |
| 14:53 | Construir | Town Center |
| 14:56 | Construir | Town Center |
| 14:57 | Investigar | Bow Saw |
| 14:57 | Investigar | Bow Saw |
| 14:57 | Investigar | Bow Saw |
| 15:17 | Construir | Farm |
| 15:19 | Construir | Farm |
| 15:26 | Crear | Villager (Male) |
| 15:43 | Crear | Villager (Male) |
| 15:49 | Crear | Villager (Male) |
| 16:12 | Crear | Villager (Male) |
| 16:15 | Crear | Villager (Male) |
| 16:30 | Construir | Watch Tower |
| 16:39 | Crear | Villager (Male) |
| 16:44 | Construir | Farm |
| 16:45 | Construir | Farm |
| 16:46 | Construir | Farm |
| 16:49 | Construir | Farm |
| 16:50 | Crear | Villager (Male) |
| 16:58 | Investigar | Fletching |
| 17:00 | Crear | Villager (Male) |
| 17:35 | Crear | Villager (Male) |
| 17:35 | Crear | Villager (Male) |
| 17:46 | Crear | Villager (Male) |
| 17:46 | Crear | Villager (Male) |
| 17:47 | Construir | Farm |
| 17:50 | Construir | Farm |
| 17:54 | Construir | Farm |
| 17:55 | Construir | Farm |
| 17:56 | Construir | Farm |
| 18:00 | Construir | Farm |
| 18:02 | Crear | Villager (Male) |
| 18:02 | Crear | Villager (Male) |
| 18:03 | Crear | Villager (Male) |
| 18:10 | Crear | Villager (Male) |
| 18:10 | Crear | Villager (Male) |
| 18:19 | Construir | Farm |
| 18:21 | Crear | Villager (Male) |
| 18:22 | Crear | Villager (Male) |
| 18:25 | Construir | Farm |
| 18:32 | Construir | House |
| 18:37 | Crear | Villager (Male) |
| 18:37 | Crear | Villager (Male) |
| 18:45 | Crear | Villager (Male) |
| 19:00 | Construir | Castle |
| 19:03 | Crear | Villager (Male) |
| 19:03 | Crear | Villager (Male) |
| 19:03 | Crear | Villager (Male) |
| 19:16 | Crear | Villager (Male) |
| 19:16 | Crear | Villager (Male) |
| 19:18 | Construir | House |
| 19:18 | Construir | House |
| 19:20 | Crear | Villager (Male) |
| 19:20 | Crear | Villager (Male) |
| 19:25 | Crear | Villager (Male) |
| 19:30 | Construir | Farm |
| 19:33 | Construir | Farm |
| 19:35 | Crear | Villager (Male) |
| 19:35 | Crear | Villager (Male) |
| 19:41 | Construir | House |
| 19:43 | Construir | House |
| 19:46 | Construir | House |
| 19:47 | Crear | Villager (Male) |
| 19:47 | Crear | Villager (Male) |
| 19:53 | Investigar | Wheelbarrow |
| 19:53 | Investigar | Wheelbarrow |
| 20:04 | Construir | House |
| 20:11 | Construir | Farm |
| 20:12 | Construir | Farm |
| 20:22 | Construir | Farm |
| 20:25 | Investigar | Gold Mining |
| 20:26 | Crear | Villager (Male) |
Build order — xGusZx24
Primeras 150 de 278 acciones detectadas
| 0:03 | Crear | Villager (Male) ×4 |
| 0:05 | Construir | House |
| 0:06 | Construir | House |
| 1:06 | Crear | Villager (Male) |
| 1:06 | Crear | Villager (Male) |
| 1:06 | Crear | Villager (Male) |
| 1:39 | Crear | Villager (Male) |
| 1:39 | Crear | Villager (Male) |
| 1:46 | Construir | Lumber Camp |
| 1:52 | Crear | Villager (Male) |
| 1:53 | Crear | Villager (Male) |
| 2:24 | Crear | Villager (Male) |
| 2:24 | Crear | Villager (Male) |
| 2:25 | Crear | Villager (Male) |
| 2:54 | Crear | Villager (Male) |
| 2:54 | Crear | Villager (Male) |
| 3:10 | Crear | Villager (Male) |
| 3:11 | Crear | Villager (Male) |
| 3:11 | Crear | Villager (Male) |
| 3:34 | Construir | Mill |
| 3:36 | Crear | Villager (Male) |
| 3:36 | Crear | Villager (Male) |
| 3:45 | Construir | House |
| 3:45 | Construir | House |
| 4:06 | Crear | Villager (Male) |
| 4:06 | Crear | Villager (Male) |
| 4:14 | Crear | Villager (Male) |
| 4:15 | Crear | Villager (Male) |
| 4:50 | Crear | Villager (Male) |
| 4:50 | Crear | Villager (Male) |
| 5:24 | Crear | Villager (Male) |
| 5:25 | Crear | Villager (Male) |
| 5:25 | Crear | Villager (Male) |
| 5:58 | Construir | House |
| 6:02 | Construir | House |
| 6:27 | Crear | Villager (Male) |
| 6:27 | Crear | Villager (Male) |
| 6:27 | Crear | Villager (Male) |
| 6:47 | Crear | Villager (Male) |
| 6:47 | Crear | Villager (Male) |
| 9:20 | Investigar | Feudal Age |
| 9:20 | Investigar | Feudal Age |
| 9:26 | Construir | Mining Camp |
| 10:26 | Crear | Villager (Male) |
| 10:26 | Crear | Villager (Male) |
| 11:25 | Construir | Lumber Camp |
| 11:30 | Edad | Edad Feudal |
| 11:36 | Construir | Market |
| 11:39 | Construir | Blacksmith |
| 11:51 | Investigar | Double-Bit Axe |
| 11:54 | Investigar | Horse Collar |
| 12:27 | Investigar | Castle Age |
| 12:28 | Investigar | Castle Age |
| 13:13 | Construir | Farm |
| 13:16 | Construir | Farm |
| 13:18 | Construir | Farm |
| 13:21 | Construir | Farm |
| 13:26 | Construir | Farm |
| 14:31 | Construir | House |
| 14:40 | Crear | Villager (Male) |
| 15:07 | Edad | Edad de los Castillos |
| 15:18 | Construir | Town Center |
| 15:23 | Construir | Town Center |
| 15:27 | Investigar | Bow Saw |
| 15:28 | Crear | Villager (Male) |
| 15:34 | Investigar | Heavy Plow |
| 15:35 | Investigar | Heavy Plow |
| 15:45 | Crear | Villager (Male) |
| 16:17 | Crear | Villager (Male) |
| 16:29 | Crear | Villager (Male) |
| 16:42 | Crear | Villager (Male) |
| 16:44 | Crear | Villager (Male) |
| 16:47 | Construir | Farm |
| 16:51 | Construir | Farm |
| 16:52 | Crear | Villager (Male) |
| 16:57 | Construir | Farm |
| 17:29 | Construir | Siege Workshop |
| 17:34 | Crear | Villager (Male) |
| 17:37 | Crear | Villager (Male) |
| 17:37 | Crear | Villager (Male) |
| 17:48 | Construir | Siege Workshop |
| 17:57 | Construir | Farm |
| 17:59 | Construir | Farm |
| 18:03 | Construir | Barracks |
| 18:06 | Construir | Farm |
| 18:08 | Crear | Villager (Male) |
| 18:08 | Crear | Villager (Male) |
| 18:08 | Crear | Villager (Male) |
| 18:08 | Crear | Villager (Male) |
| 18:09 | Crear | Villager (Male) |
| 18:12 | Construir | Farm |
| 18:19 | Construir | Farm |
| 18:21 | Construir | Farm |
| 18:24 | Construir | Farm |
| 18:26 | Crear | Villager (Male) |
| 18:26 | Crear | Villager (Male) |
| 18:26 | Crear | Villager (Male) |
| 18:36 | Construir | Farm |
| 18:40 | Crear | Villager (Male) |
| 18:40 | Crear | Villager (Male) |
| 18:40 | Crear | Villager (Male) |
| 18:49 | Crear | Villager (Male) |
| 18:57 | Construir | Farm |
| 19:02 | Construir | Farm |
| 19:06 | Crear | Villager (Male) |
| 19:09 | Construir | House |
| 19:12 | Construir | House |
| 19:18 | Construir | Stable |
| 19:23 | Crear | Armored Elephant |
| 19:24 | Crear | Armored Elephant |
| 19:24 | Crear | Armored Elephant |
| 19:33 | Construir | Stable |
| 19:35 | Construir | Farm |
| 19:37 | Crear | Villager (Male) |
| 19:37 | Crear | Villager (Male) |
| 19:50 | Construir | Farm |
| 19:52 | Construir | Farm |
| 19:54 | Construir | Farm |
| 19:56 | Investigar | Wheelbarrow |
| 19:57 | Investigar | Wheelbarrow |
| 19:58 | Crear | Villager (Male) |
| 19:59 | Crear | Villager (Male) |
| 20:17 | Construir | Mining Camp |
| 20:20 | Crear | Armored Elephant |
| 20:28 | Construir | Farm |
| 20:30 | Construir | Farm |
| 20:33 | Construir | Farm |
| 20:36 | Crear | Villager (Male) |
| 20:36 | Crear | Villager (Male) |
| 20:36 | Crear | Villager (Male) |
| 20:36 | Crear | Villager (Male) |
| 20:42 | Construir | House |
| 20:44 | Construir | House |
| 20:49 | Investigar | Town Watch |
| 20:53 | Construir | Farm |
| 20:54 | Crear | Villager (Male) |
| 21:04 | Crear | Armored Elephant |
| 21:04 | Crear | Armored Elephant |
| 21:05 | Crear | Armored Elephant |
| 21:10 | Construir | Farm |
| 21:13 | Construir | Farm |
| 21:15 | Crear | Villager (Male) |
| 21:15 | Crear | Villager (Male) |
| 21:15 | Crear | Villager (Male) |
| 21:16 | Crear | Villager (Male) |
| 21:27 | Crear | Villager (Male) |
| 21:28 | Crear | Villager (Male) |
| 21:32 | Construir | Farm |
| 21:36 | Crear | Villager (Male) |
| 21:36 | Crear | Villager (Male) |
Build order — cafeduetoile
Primeras 150 de 355 acciones detectadas
| 0:03 | Crear | Villager (Male) |
| 0:03 | Crear | Villager (Male) |
| 0:03 | Crear | Villager (Male) |
| 0:04 | Crear | Villager (Male) |
| 0:04 | Crear | Villager (Male) |
| 0:05 | Construir | House |
| 0:07 | Construir | House |
| 1:00 | Construir | Lumber Camp |
| 1:18 | Crear | Villager (Male) |
| 1:19 | Crear | Villager (Male) |
| 1:23 | Construir | Palisade Wall |
| 1:25 | Construir | Palisade Wall |
| 1:26 | Construir | Palisade Wall |
| 1:35 | Construir | Palisade Wall |
| 1:39 | Construir | Palisade Wall |
| 1:40 | Construir | Palisade Wall |
| 1:42 | Construir | Palisade Wall |
| 1:46 | Construir | Palisade Wall |
| 1:50 | Construir | Palisade Wall |
| 1:57 | Crear | Villager (Male) |
| 1:57 | Crear | Villager (Male) |
| 1:57 | Crear | Villager (Male) |
| 2:01 | Construir | Palisade Wall |
| 2:02 | Construir | Palisade Wall |
| 2:06 | Construir | Palisade Wall |
| 2:07 | Construir | Palisade Wall |
| 2:10 | Construir | Palisade Wall |
| 2:21 | Crear | Villager (Male) |
| 2:21 | Crear | Villager (Male) |
| 2:23 | Construir | Palisade Wall |
| 2:27 | Construir | Palisade Wall |
| 2:50 | Crear | Villager (Male) |
| 3:01 | Construir | House |
| 3:04 | Construir | House |
| 3:18 | Crear | Villager (Male) |
| 3:19 | Crear | Villager (Male) |
| 3:43 | Crear | Villager (Male) |
| 3:44 | Crear | Villager (Male) |
| 4:08 | Crear | Villager (Male) |
| 4:09 | Crear | Villager (Male) |
| 4:33 | Construir | Mill |
| 4:36 | Crear | Villager (Male) |
| 4:36 | Crear | Villager (Male) |
| 5:00 | Crear | Villager (Male) |
| 5:01 | Crear | Villager (Male) |
| 5:01 | Crear | Villager (Male) |
| 5:06 | Construir | House |
| 5:08 | Construir | House |
| 5:43 | Crear | Villager (Male) |
| 5:43 | Crear | Villager (Male) |
| 5:43 | Crear | Villager (Male) |
| 5:45 | Crear | Villager (Male) |
| 5:45 | Crear | Villager (Male) |
| 6:09 | Crear | Villager (Male) |
| 6:10 | Crear | Villager (Male) |
| 6:10 | Crear | Villager (Male) |
| 6:10 | Crear | Villager (Male) |
| 6:24 | Crear | Villager (Male) |
| 6:37 | Crear | Villager (Male) |
| 7:40 | Construir | Lumber Camp |
| 7:43 | Crear | Villager (Male) |
| 7:47 | Construir | Farm |
| 7:49 | Construir | Farm |
| 8:12 | Construir | Farm |
| 8:53 | Investigar | Feudal Age |
| 8:53 | Investigar | Feudal Age |
| 8:56 | Construir | Mining Camp |
| 10:23 | Crear | Villager (Male) |
| 10:33 | Construir | Barracks |
| 10:34 | Crear | Villager (Male) |
| 11:03 | Edad | Edad Feudal |
| 11:26 | Construir | Stable |
| 11:41 | Crear | Villager (Male) |
| 11:54 | Construir | Blacksmith |
| 12:24 | Construir | House |
| 12:27 | Investigar | Double-Bit Axe |
| 12:29 | Investigar | Castle Age |
| 12:29 | Investigar | Castle Age |
| 12:29 | Investigar | Castle Age |
| 12:42 | Crear | Scout Cavalry |
| 12:56 | Investigar | Horse Collar |
| 12:57 | Investigar | Horse Collar |
| 12:57 | Investigar | Horse Collar |
| 13:26 | Crear | Scout Cavalry |
| 13:28 | Construir | Farm |
| 13:34 | Construir | Farm |
| 13:37 | Construir | Farm |
| 13:39 | Construir | Farm |
| 13:59 | Crear | Scout Cavalry |
| 14:07 | Crear | Villager (Male) |
| 15:09 | Edad | Edad de los Castillos |
| 15:16 | Construir | Town Center |
| 15:27 | Crear | Knight |
| 15:28 | Crear | Villager (Male) |
| 15:31 | Construir | Farm |
| 15:34 | Construir | Farm |
| 15:59 | Crear | Villager (Male) |
| 15:59 | Crear | Villager (Male) |
| 16:00 | Crear | Scout Cavalry |
| 16:24 | Crear | Villager (Male) |
| 16:26 | Construir | Town Center |
| 16:29 | Construir | Monastery |
| 16:31 | Construir | Farm |
| 16:32 | Construir | Farm |
| 16:33 | Construir | Farm |
| 16:50 | Crear | Villager (Male) |
| 16:56 | Construir | Farm |
| 16:58 | Crear | Villager (Male) |
| 16:59 | Crear | Villager (Male) |
| 17:03 | Crear | Villager (Male) |
| 17:19 | Crear | Villager (Male) |
| 17:23 | Construir | Farm |
| 17:26 | Crear | Villager (Male) |
| 17:47 | Crear | Villager (Male) |
| 17:47 | Crear | Villager (Male) |
| 17:48 | Construir | Farm |
| 17:49 | Construir | Farm |
| 17:52 | Construir | House |
| 17:53 | Construir | House |
| 17:56 | Crear | Monk |
| 17:56 | Crear | Monk |
| 17:56 | Crear | Monk |
| 18:10 | Crear | Villager (Male) |
| 18:12 | Crear | Villager (Male) |
| 18:13 | Crear | Villager (Male) |
| 18:13 | Crear | Villager (Male) |
| 18:16 | Construir | Mill |
| 18:19 | Construir | Farm |
| 18:20 | Construir | Farm |
| 18:20 | Construir | Farm |
| 18:20 | Construir | Farm |
| 18:22 | Crear | Villager (Male) |
| 18:24 | Construir | Farm |
| 18:24 | Construir | Farm |
| 18:25 | Construir | Farm |
| 18:38 | Investigar | Wheelbarrow |
| 18:39 | Investigar | Wheelbarrow |
| 18:39 | Investigar | Wheelbarrow |
| 18:42 | Crear | Villager (Male) |
| 18:43 | Crear | Villager (Male) |
| 18:48 | Construir | Farm |
| 18:50 | Crear | Villager (Male) |
| 18:54 | Construir | Farm |
| 19:07 | Crear | Villager (Male) |
| 19:07 | Crear | Villager (Male) |
| 19:08 | Construir | Farm |
| 19:11 | Construir | House |
| 19:11 | Crear | Villager (Male) |
| 19:12 | Crear | Villager (Male) |
| 19:20 | Crear | Villager (Male) |
Cronología de la partida
| 1:23 | cafeduetoile · wall_segment Palisade Wall x1 |
| 1:25 | cafeduetoile · wall_segment Palisade Wall x1 |
| 1:26 | cafeduetoile · wall_segment Palisade Wall x1 |
| 1:35 | cafeduetoile · wall_segment Palisade Wall x1 |
| 1:39 | cafeduetoile · wall_segment Palisade Wall x1 |
| 1:40 | cafeduetoile · wall_segment Palisade Wall x1 |
| 1:42 | cafeduetoile · wall_segment Palisade Wall x1 |
| 1:46 | cafeduetoile · wall_segment Palisade Wall x1 |
| 1:50 | cafeduetoile · wall_segment Palisade Wall x1 |
| 2:01 | cafeduetoile · wall_segment Palisade Wall x1 |
| 2:02 | cafeduetoile · wall_segment Palisade Wall x1 |
| 2:06 | cafeduetoile · wall_segment Palisade Wall x1 |
| 2:07 | cafeduetoile · wall_segment Palisade Wall x1 |
| 2:10 | cafeduetoile · wall_segment Palisade Wall x1 |
| 2:23 | cafeduetoile · wall_segment Palisade Wall x1 |
| 2:27 | cafeduetoile · wall_segment Palisade Wall x1 |
| 4:38 | 悠律 · wall_segment Palisade Wall x1 |
| 4:45 | 悠律 · wall_segment Palisade Wall x1 |
| 4:48 | 悠律 · wall_segment Palisade Wall x1 |
| 4:50 | 悠律 · wall_segment Palisade Wall x1 |
| 4:52 | 悠律 · wall_segment Palisade Wall x1 |
| 4:56 | 悠律 · wall_segment Palisade Wall x1 |
| 4:59 | 悠律 · wall_segment Palisade Wall x1 |
| 5:04 | 悠律 · wall_segment Palisade Wall x1 |
| 5:06 | 悠律 · wall_segment Palisade Wall x1 |
| 5:13 | 悠律 · wall_segment Palisade Wall x1 |
| 5:16 | 悠律 · wall_segment Palisade Wall x1 |
| 5:19 | 悠律 · wall_segment Palisade Wall x1 |
| 8:33 | Mr Diniz · age_up feudal |
| 8:59 | 抖音帝国时代天骄Ique颜 · wall_segment Palisade Wall x4 |
| 9:01 | 抖音帝国时代天骄Ique颜 · wall_segment Palisade Wall x8 |
| 9:13 | 抖音帝国时代天骄Ique颜 · wall_segment Palisade Wall x9 |
| 10:27 | RoR | Yokohama · age_up feudal |
| 10:33 | cafeduetoile · first_building Barracks |
| 11:03 | cafeduetoile · age_up feudal |
| 11:07 | 抖音帝国时代天骄Ique颜 · wall_segment Palisade Wall x1 |
| 11:08 | 抖音帝国时代天骄Ique颜 · wall_segment Palisade Wall x1 |
| 11:21 | 抖音帝国时代天骄Ique颜 · age_up feudal |
| 11:21 | 悠律 · age_up feudal |
| 11:26 | cafeduetoile · first_building Stable |
| 11:30 | xGusZx24 · age_up feudal |
| 11:32 | lkg · age_up feudal |
| 11:41 | 抖音帝国时代天骄Ique颜 · wall_segment Palisade Wall x1 |
| 11:45 | 抖音帝国时代天骄Ique颜 · wall_segment Palisade Wall x6 |
| 12:27 | 抖音帝国时代天骄Ique颜 · wall_segment Palisade Wall x1 |
| 12:53 | 抖音帝国时代天骄Ique颜 · wall_segment Palisade Wall x1 |
| 12:54 | 抖音帝国时代天骄Ique颜 · wall_segment Palisade Wall x1 |
| 13:17 | 抖音帝国时代天骄Ique颜 · first_building Barracks |
| 13:25 | 抖音帝国时代天骄Ique颜 · wall_segment Palisade Wall x1 |
| 13:27 | 抖音帝国时代天骄Ique颜 · wall_segment Palisade Wall x1 |
| 13:49 | RoR | Yokohama · age_up castle |
| 14:52 | 悠律 · age_up castle |
| 15:05 | lkg · age_up castle |
| 15:07 | xGusZx24 · age_up castle |
| 15:09 | cafeduetoile · age_up castle |
| 15:11 | lkg · first_building Castle |
| 15:13 | 抖音帝国时代天骄Ique颜 · wall_segment Palisade Wall x1 |
| 15:16 | Mr Diniz · wall_segment Palisade Wall x1 |
| 15:17 | tokmakbaba · age_up feudal |
| 15:18 | 抖音帝国时代天骄Ique颜 · age_up castle |
| 15:26 | lkg · wall_segment Palisade Wall x2 |
| 15:29 | 抖音帝国时代天骄Ique颜 · first_building Siege Workshop |
| 15:31 | lkg · wall_segment Palisade Wall x1 |
| 15:42 | lkg · wall_segment Palisade Wall x1 |
| 15:45 | lkg · wall_segment Palisade Wall x1 |
| 15:48 | 抖音帝国时代天骄Ique颜 · wall_segment Palisade Wall x1 |
| 15:50 | 抖音帝国时代天骄Ique颜 · wall_segment Palisade Wall x1 |
| 15:54 | Mr Diniz · wall_segment Palisade Wall x1 |
| 15:56 | Mr Diniz · wall_segment Palisade Wall x1 |
| 16:00 | lkg · wall_segment Palisade Wall x1 |
| 16:01 | lkg · wall_segment Palisade Wall x1 |
| 16:02 | lkg · wall_segment Palisade Wall x1 |
| 16:04 | lkg · wall_segment Palisade Wall x1 |
| 16:06 | lkg · wall_segment Palisade Wall x1 |
| 16:29 | cafeduetoile · first_building Monastery |
| 17:29 | xGusZx24 · first_building Siege Workshop |
| 17:44 | 抖音帝国时代天骄Ique颜 · first_market_buy 100 stone |
| 18:03 | xGusZx24 · first_building Barracks |
| 18:08 | 悠律 · first_market_buy 100 stone |
| 19:00 | 悠律 · first_building Castle |
| 19:17 | Mr Diniz · first_market_buy 100 food |
| 19:18 | Mr Diniz · first_market_sell 100 wood |
| 19:18 | xGusZx24 · first_building Stable |
| 19:22 | tokmakbaba · age_up castle |
| 19:31 | RoR | Yokohama · first_building Monastery |
| 19:38 | 抖音帝国时代天骄Ique颜 · wall_segment Stone Wall x1 |
| 19:39 | Mr Diniz · first_building Barracks |
| 19:43 | RoR | Yokohama · first_market_buy 100 wood |
| 19:47 | cafeduetoile · wall_segment Palisade Wall x3 |
| 20:08 | Mr Diniz · wall_segment Palisade Wall x1 |
| 20:10 | Mr Diniz · wall_segment Palisade Wall x1 |
| 20:12 | Mr Diniz · wall_segment Palisade Wall x1 |
| 20:42 | Mr Diniz · wall_segment Palisade Wall x1 |
| 20:43 | Mr Diniz · wall_segment Palisade Wall x1 |
| 20:47 | Mr Diniz · wall_segment Palisade Wall x1 |
| 20:51 | 悠律 · wall_segment Stone Wall x1 |
| 21:56 | 悠律 · first_building Siege Workshop |
| 22:02 | Mr Diniz · age_up castle |
| 24:34 | RoR | Yokohama · first_market_sell 100 food |
| 24:47 | lkg · first_building Siege Workshop |
| 25:03 | lkg · first_market_sell 100 wood |
| 25:07 | 悠律 · first_market_sell 100 food |
| 26:04 | RoR | Yokohama · first_building Barracks |
| 26:30 | RoR | Yokohama · first_building Stable |
| 26:41 | cafeduetoile · first_building Castle |
| 26:46 | RoR | Yokohama · first_building Castle |
| 27:12 | 抖音帝国时代天骄Ique颜 · wall_segment Palisade Wall x1 |
| 27:13 | Mr Diniz · first_building Castle |
| 27:32 | RoR | Yokohama · age_up imperial |
| 28:23 | 悠律 · age_up imperial |
| 28:53 | xGusZx24 · first_market_sell 500 food |
| 28:58 | 抖音帝国时代天骄Ique颜 · wall_segment Palisade Wall x1 |
| 28:59 | xGusZx24 · first_building Castle |
| 29:03 | 抖音帝国时代天骄Ique颜 · wall_segment Palisade Wall x1 |
| 29:13 | Mr Diniz · resign |
| 29:20 | RoR | Yokohama · first_building Siege Workshop |
| 29:34 | lkg · age_up imperial |
| 29:44 | cafeduetoile · age_up imperial |
[ ANÁLISIS IA · 1 CRÉDITO ]
¿Qué pasó realmente en esta partida?
Wolo.gg analiza cada decisión: build order, eco, micro, errores típicos por bracket. Análisis personalizado por WhatsApp o Discord en 30 segundos.
Guía civ
Vikingos
Perfil
Jugador #292668